 Dungeon Crawl Stone Soup version 0.17-a0-1571-g3ed2ab2 (console) character file.

80 Illaniel the Charmwright (level 4, -1/30 HPs)
             Began as a High Elf Skald on July 24, 2015.
             Shot with an arrow by a centaur (13 damage)
             ... on level 5 of the Dungeon.
             The game lasted 00:06:33 (966 turns).

Illaniel the Charmwright (High Elf Skald)            Turns: 966, Time: 00:06:33

Health: -1/30      AC:  3    Str: 12    XL:     4   Next: 18%
Magic:  9/9        EV: 12    Int: 15    God:
Gold:   50         SH:  0    Dex: 15    Spells: 4 memorised, 0 levels left

rFire  . . .     SeeInvis .     a - +0 falchion
rCold  . . .     Clarity  .     b - +0 leather armour
rNeg   . . .     SustAt   .     (no shield)
rPois  .         Gourm    .     (no helmet)
rElec  .         Spirit   .     (no cloak)
rCorr  .         Warding  .     (no gloves)
rMut   .         Stasis   .     (no boots)
MR     .....                    p - amulet of regeneration
Stlth  +.........               (no ring)
                                (no ring)

@: not resistant to hostile enchantments, very unstealthy
A: no striking features
a: no special abilities


You were on level 5 of the Dungeon.
You were not hungry.

You visited 1 branch of the dungeon, and saw 5 of its levels.

You collected 50 gold pieces.

Inventory:

Hand weapons
 a - a +0 falchion (weapon)
Missiles
 n - 19 poisoned needles
Armour
 b - a +0 leather armour (worn)
Magical staves
 r - an uncursed staff of cold
Jewellery
 p - an amulet of regeneration (around neck)
Scrolls
 e - a scroll of identify {unknown}
 f - a scroll of blinking
 g - a scroll of remove curse
 i - 2 scrolls of immolation {unknown}
 k - a scroll of magic mapping {unknown}
 m - a scroll of amnesia {unknown}
Potions
 h - a potion of heal wounds {unknown}
 j - 2 potions of lignification {unknown}
 l - 2 potions of brilliance {unknown}
 o - a potion of ambrosia {unknown}
 q - a potion of flight {unknown}
Books
 c - a book of Battle

   Spells                             Type                      Level
   a - Infusion                       Charms                       1
   b - Shroud of Golubria             Charms/Translocation         2
   c - Song of Slaying                Charms                       2
   d - Spectral Weapon                Hexes/Charms                 3
   e - Regeneration                   Charms/Necromancy            3
Comestibles
 d - a bread ration


   Skills:
 * Level 2.4 Fighting
 * Level 3.0 Long Blades
 * Level 1.6 Armour
 * Level 2.1 Dodging
 * Level 3.1 Spellcasting
 * Level 0.0 Hexes
 * Level 4.0 Charms
 + Level 0.4 Translocations


You couldn't memorise any spells.
You knew the following spells:

 Your Spells              Type           Power        Failure   Level  Hunger
a - Infusion              Chrm           ##....       6%          1    #......
c - Spectral Weapon       Hex/Chrm       #.......     38%         3    ###....
h - Shroud of Golubria    Chrm/Tloc      #.........   17%         2    ##.....
r - Regeneration          Chrm/Necr      #.........   38%         3    ###....


Dungeon Overview and Level Annotations

Branches:
Dungeon (5/15)
 Temple: D:4-7

Altars:


Message History

r - an uncursed staff of cold (weapon)
Wield which item (- for none, * to show all)? (? for menu, Esc to quit)
a - a +0 falchion (weapon)
You open the door.
There is an open door here.
There is an open door here.
Found a scroll labeled IXKEUT MOQE.
A quokka comes into view.
A centaur comes into view.
The centaur moves out of view.
The centaur wields a shortbow.
The centaur shoots an arrow.
The arrow barely misses you. As you open the door, it creaks loudly!
You hear a shout!
The centaur shoots an arrow.
The arrow closely misses you.
The centaur shoots an arrow.
The arrow hits you!
There is an open door here.
You see here an arrow.
You open the door.
The centaur shoots an arrow.
The arrow hits you!
The centaur shoots an arrow.
The arrow hits you!
You die... ▒▒■▒▒ ∙▒■▒▒▒ ▒▒∙∙∙▒ ▒ ∙∙∙∙∙∙ ■∙∙∙∙▒▒∙∙▒▒ ∙∙∙∙∙ ▒∙∙∙∙∙∙∙∙∙■ ∙∙∙∙∙▒▒▒▒▒▒'▒▒▒■▒▒▒ ▒∙∙∙∙∙∙∙∙∙∙▒▒▒▒▒▒▒▒▒▒▒ ■∙∙∙∙∙∙∙∙∙∙∙∙∙∙∙∙∙∙∙∙∙

▒∙∙∙(∙∙∙∙∙∙∙∙▒∙∙▒∙∙▒∙∙
▒∙∙∙∙∙∙∙∙∙∙∙∙∙∙∙∙∙∙∙∙∙
■∙∙∙∙▒'▒▒■▒∙∙▒∙∙▒∙∙▒∙∙
▒∙∙∙r@∙■


∙∙∙∙∙∙∙∙∙∙∙∙∙ ▒▒▒■▒∙∙∙∙▒∙▒▒▒∙▒▒▒▒▒▒▒▒▒▒▒ ∙∙∙∙∙(∙∙∙▒∙▒ ▒∙ ∙∙∙∙∙∙∙∙∙■∙∙ ∙∙
∙∙∙∙∙∙∙∙c▒■▒▒ ▒▒▒■▒∙∙?∙∙∙ ■∙∙∙∙∙∙c∙ ▒∙∙∙∙∙∙∙∙▒ ∙∙∙▒▒▒▒∙∙∙∙ ■∙∙∙ ∙∙∙∙ ▒∙∙∙ ∙∙∙
You could see a centaur and a quokka.

Vanquished Creatures
  A hound (D:4)
  A worker ant (D:4)
  A giant gecko (D:1)
  An orc (D:4)
  3 giant cockroaches
  4 goblins
  2 hobgoblins (D:1)
  A jackal (D:1)
  3 kobolds
  A ball python (D:1)
  3 giant newts (D:1)
  5 rats
26 creatures vanquished.

Notes
Turn   | Place    | Note
--------------------------------------------------------------
     0 | D:1      | Illaniel the High Elf Skald began the quest for the Orb.
     0 | D:1      | Reached XP level 1. HP: 14/14 MP: 4/4
    22 | D:1      | Reached skill level 1 in Armour
   201 | D:1      | Reached XP level 2. HP: 14/19 MP: 2/6
   205 | D:1      | Learned a level 2 spell: Shroud of Golubria
   728 | D:4      | Reached XP level 3. HP: 15/24 MP: 0/8
   776 | D:4      | Reached skill level 4 in Charms
   776 | D:4      | Reached XP level 4. HP: 12/30 MP: 0/9
   781 | D:4      | Learned a level 3 spell: Spectral Weapon
   785 | D:4      | Learned a level 3 spell: Regeneration
   892 | D:4      | You fall through a shaft!
   892 | D:5      | Entered Level 5 of the Dungeon
   960 | D:5      | Noticed a centaur
   966 | D:5      | Shot with an arrow by a centaur

Vault maps used:
D:1:      mrwooster_arrival_statue
D:2:      first_bread, uniq_terence
D:3:      grunt_dithmenos_smoke
D:4:      gup_sewer_entry_spiral, trog_hazing_becter, uniq_crazy_yiuf_cottage
D:5:      columned_hall_lemuel

Action                   |  1- 3 |  4- 6 || total
-------------------------+-------+-------++-------
Melee: Falchion          |    64 |     2 ||    66
 Cast: Infusion          |    16 |     2 ||    18
       Shroud of Golubri |     3 |     1 ||     4
  Use: Scroll            |     2 |       ||     2
 Stab: Sleeping          |     1 |       ||     1
  Eat: Chunk             |       |     1 ||     1
